cohdb
Replays
Latest Replays
All Replays
Popular Replays
Top Player Replays
Match Explorer
How It Works
Community
CoH3 Stats
Reddit
Sign in to upload your games and track your stats! →
Sign in with Steam
Match 43385394
Unlisted
Match 43385394
Overview
Messages
Build Orders
End
Panzergrenadier Squad
Panzergrenadier Squad
Construct Light Support Kompanie
MG34 Team
Selects Panzerjäger Kommand Battlegroup
Selects Mine Fields
Selects Tank Busters
Panzerjäger Squad
Fire Support Elements
le.IG 18 Support Gun Team
Pak 38 Anti-tank Gun Team
Construct Panzerarmee Kommand
Selects Crew Shock Tactics
Veteran Squad Leaders
Walking Stuka Rocket Launcher
MG34 Team
Pak 38 Anti-tank Gun Team
ATA
Mauricé
Alex der Ossi
Malegan
miao
Palimord
Field marshal Prince
gmarco9708
0
0
Comments
sign in to comment!
No comments posted yet!